 Dungeon Crawl Stone Soup version 0.17-a0-670-g5d95ebd (webtiles) character file.

4415 Chiseanne the Spry (level 10, -4/46 HPs)
             Began as a Spriggan Wizard on Apr 18, 2015.
             Was a Believer of Dithmenos.
             Slain by hornqvist's ghost (10 damage)
             ... on level 1 of the Lair of Beasts.
             The game lasted 00:43:20 (10193 turns).

Chiseanne the Spry (Spriggan Wizard)               Turns: 10193, Time: 00:43:20

Health: -4/46      AC:  4    Str:  4    XL:     10   Next: 14%
Magic:  18/18      EV: 34    Int: 20    God:    Dithmenos [**....]
Gold:   123        SH:  0    Dex: 17    Spells: 6 memorised, 7 levels left

rFire  . . .     SeeInvis +     s - +2 flail (venom)
rCold  . . .     Clarity  .     k - +0 robe
rNeg   . . .     SustAb   .     (shield restricted)
rPois  .         Gourm    .     b - +1 hat
rElec  .         Spirit   .     H - +0 cloak {MR+}
rCorr  .         Warding  .     (gloves unavailable)
rMut   .         Stasis   .     (boots unavailable)
MR     ++...                    (no amulet)
Stlth  +++++++...               G - +3 ring of evasion
                                l - +5 ring of slaying

@: hasted, wreathed by umbra, very quick, very resistant to hostile
enchantments, extremely stealthy
A: unfitting armour, see invisible, herbivore 3, speed 3, slow metabolism 2
a: Shadow Step, Renounce Religion


You were on level 1 of the Lair of Beasts.
You worshipped Dithmenos.
Dithmenos was pleased with you.
You were not hungry.

You visited 3 branches of the dungeon, and saw 10 of its levels.

You collected 445 gold pieces.
You spent 322 gold pieces at shops.

Inventory:

Hand weapons
 a - a +4 dagger of venom
 s - a +2 flail of venom (weapon)
 w - a +0 blowgun
Missiles
 g - 10 silver bolts
 h - 103 bolts
 p - 16 sling bullets of frost
 t - 27 poisoned needles
 v - 50 sling bullets
 E - 13 tomahawks (quivered)
 I - 4 silver tomahawks
Armour
 b - a +1 hat (worn)
 k - a +0 robe (worn)
 H - a +0 cloak of magic resistance (worn)
Jewellery
 l - a +5 ring of slaying (left hand)
 G - a +3 ring of evasion (right hand)
Magical devices
 y - a wand of disintegration (1)
 L - a wand of digging (10)
 Q - a wand of teleportation (2)
Scrolls
 f - 2 scrolls of remove curse
 z - 5 scrolls of teleportation
 A - a scroll of recharging
 K - a scroll of blinking
 M - a scroll of fear
Potions
 j - 2 potions of lignification
 r - a potion of invisibility
 x - a potion of might
 F - a potion of brilliance {unknown}
 N - a potion of poison {unknown}
Comestibles
 c - a royal jelly
 d - 4 bread rations
 m - a slice of pizza
 C - 6 fruits


   Skills:
 * Level 1.8 Fighting
 - Level 5.3 Short Blades
 * Level 15.4 Dodging
 * Level 10.8 Stealth
 - Level 5.2 Spellcasting
 - Level 1.1 Conjurations
 - Level 0.7 Summonings
 - Level 1.5 Translocations


You had 7 spell levels left.
You knew the following spells:

 Your Spells              Type           Power        Failure   Level  Hunger
a - Magic Dart            Conj           #...         10%         1    None
b - Repel Missiles        Chrm/Air       #.....       21%         2    None
c - Call Imp              Summ           #.......     14%         2    None
d - Blink                 Tloc           N/A          12%         2    None
e - Slow                  Hex            #.......     21%         2    None
f - Mephitic Cloud        Conj/Pois/Air  #.......     30%         3    ##.....


Dungeon Overview and Level Annotations

Branches:
Dungeon (8/15)             Temple (1/1) D:4            Lair (1/8) D:8

Altars:
Ashenzari
Cheibriados
Dithmenos
Elyvilon
Fedhas
Gozag
Kikubaaqudgha
Makhleb
Nemelex Xobeh
Qazlal
Ru
Sif Muna
Trog
Vehumet
Xom
Yredelemnul
Zin
The Shining One

Shops:
D:6 =

Annotations:
D:2 Sigmund
D:4 hornqvist's ghost, average DsAK
Lair:1 hornqvist's ghost, powerful FoFi


Innate Abilities, Weirdness & Mutations

You are tiny and cannot use many weapons and most armour.
You have supernaturally acute eyesight.
You are a herbivore.
You cover ground extremely quickly.
You need consume almost no food.


Message History

Drink which item? (? for menu, Esc to quit)
It was a potion of resistance.
You feel protected.
Hornqvist's ghost hits you but does no damage.
Drink which item? (? for menu, Esc to quit)
Your magical effects are unravelling.
Your magical contamination has completely faded away.
You feel magically purged.
Your resistance to elements expires.
You flicker back into view.
You feel a little less mighty now.
Hornqvist's ghost wails, "You must not fail where I succeeded!"
Hornqvist's ghost hits you but does no damage.
Drink which item? (? for menu, Esc to quit)
It was a potion of haste.
You feel yourself speed up.
You feel less woody.
Your +0 cloak of magic resistance unmelds from your body.
Your +1 hat unmelds from your body.
Your +0 robe unmelds from your body.
You feel resistant to hostile enchantments.
Hornqvist's ghost hits you!
You die...

♣...........♣ ♣........#
♣...........♣ ♣.........
♣♣♣♣♣...♣♣♣♣♣♣♣......... .♣
♣♣...♣♣ ♣♣..........
...♣♣♣♣.....♣♣ ♣...........
.............# #...........
............P####...........
#............## #............
#..........W@.###....).......
#..........#...†............
#########>......#####............
....####.#.....## #.............
......## ###....# #.............
......### ###..## ##............#
........###...## #.............#
.........###...# ##...........##
..........#..### ###......##..#


You could see hornqvist's ghost.

Vanquished Creatures
  The ghost of Leibowitz the Cutter, an experienced KoFi (D:5)
  The ghost of Kisielow the Chiller, an experienced DEIE of Kikubaaqudgha (D:6)
  5 yaks (Lair:1)
  A two-headed ogre (D:8)
  A deep elf fighter (D:8)
  An ice beast (D:7)
  2 phantoms
  2 sky beasts (D:8)
  4 ogres
  An orc warrior (D:7)
  2 centaurs (D:7)
  6 giant frogs
  A crocodile (D:8)
  2 big kobolds (D:8)
  A jelly (D:8)
  7 crimson imps
  A quasit (D:7)
  A centaur zombie (D:7)
  2 orc priests
  Crazy Yiuf (D:7)
  3 hounds
  A centaur skeleton (D:4)
  2 giant frog skeletons
  3 iguanas
  4 worker ants
  A hound skeleton (D:4)
  5 gnolls
  7 adders
  A river rat (D:8)
  A shadow imp (D:5)
  3 oozes
  An adder skeleton (D:4)
  An adder zombie (D:7)
  A worm (D:4)
  25 orcs
  5 giant cockroaches
  9 goblins
  6 hobgoblins
  7 jackals
  25 kobolds
  A quokka (D:4)
  23 bats
  4 giant newts
  A quokka skeleton (D:7)
  25 rats
  4 butterflies (D:4)
  9 fungi (D:8)
  3 plants (D:8)
224 creatures vanquished.

Vanquished Creatures (others)
  A fungus (D:8)
1 creature vanquished.

Grand Total: 225 creatures vanquished

Notes
Turn   | Place    | Note
--------------------------------------------------------------
     0 | D:1      | Chiseanne, the Spriggan Wizard, began the quest for the Orb.
     0 | D:1      | Reached XP level 1. HP: 9/9 MP: 6/6
   323 | D:1      | Reached XP level 2. HP: 13/13 MP: 5/8
   353 | D:1      | Learned a level 2 spell: Repel Missiles
   447 | D:1      | Learned a level 2 spell: Call Imp
   450 | D:1      | Learned a level 2 spell: Blink
   453 | D:1      | Learned a level 2 spell: Slow
   615 | D:1      | Reached skill level 1 in Conjurations
  1109 | D:2      | Reached skill level 5 in Spellcasting
  1109 | D:2      | Reached XP level 3. HP: 16/16 MP: 2/10
  1288 | D:2      | Learned a level 3 spell: Conjure Flame
  1369 | D:2      | Noticed Sigmund
  2365 | D:3      | Found a blossoming altar of Fedhas.
  2606 | D:3      | Found a shimmering altar of Xom.
  2634 | D:3      | Reached XP level 4. HP: 10/21 MP: 2/12
  2908 | D:4      | Found a staircase to the Ecumenical Temple.
  2931 | Temple   | Entered the Ecumenical Temple
  3519 | D:4      | Found a glowing golden altar of the Shining One.
  3703 | D:4      | Reached skill level 1 in Short Blades
  3733 | D:4      | Reached XP level 5. HP: 14/24 MP: 9/13
  3739 | D:4      | Noticed hornqvist's ghost (average DsAK)
  4173 | D:4      | Found a basalt altar of Yredelemnul.
  4312 | D:4      | Reached skill level 5 in Dodging
  4432 | D:4      | Noticed an ogre
  4507 | D:4      | Killed an ogre
  4507 | D:4      | Reached skill level 5 in Stealth
  4507 | D:4      | Reached XP level 6. HP: 21/28 MP: 1/14
  4609 | D:4      | Found a bloodstained altar of Trog.
  4742 | D:4      | Reached skill level 6 in Dodging
  4801 | D:4      | Learned a level 3 spell: Mephitic Cloud
  4811 | D:5      | Entered Level 5 of the Dungeon
  5000 | D:5      | Found a glowing silver altar of Zin.
  5174 | D:5      | Reached skill level 7 in Dodging
  5403 | D:5      | Reached XP level 7. HP: 32/32 MP: 15/15
  5685 | D:5      | Noticed Leibowitz's ghost (experienced KoFi)
  5697 | D:5      | Killed Leibowitz's ghost
  5697 | D:5      | Reached skill level 8 in Dodging
  5833 | D:5      | Found a shadowy altar of Dithmenos.
  5843 | D:5      | Became a worshipper of Dithmenos the Shadowed
  6138 | D:6      | Found a sparkling altar of Nemelex Xobeh.
  6152 | D:6      | Reached skill level 9 in Dodging
  6165 | D:6      | Reached XP level 8. HP: 36/36 MP: 16/16
  6268 | D:6      | Found an ancient bone altar of Kikubaaqudgha.
  6269 | D:6      | Found Hyeph's Jewellery Emporium.
  6275 | D:6      | Noticed Kisielow's ghost (experienced DEIE)
  6278 | D:6      | Was placed under penance by Dithmenos
  6668 | D:6      | HP: 1/36 [orc/short sword (1)]
  6897 | D:6      | Reached skill level 10 in Dodging
  6916 | D:6      | Found a radiant altar of Vehumet.
  6975 | D:6      | Bought a +3 ring of evasion for 294 gold pieces
  6975 | D:6      | Bought a cursed -3 ring of intelligence for 28 gold pieces
  7001 | D:6      | Was forgiven by Dithmenos
  7031 | D:6      | Killed Kisielow's ghost
  7031 | D:6      | Reached skill level 5 in Short Blades
  7031 | D:6      | Reached skill level 11 in Dodging
  7985 | D:7      | Reached XP level 9. HP: 30/39 MP: 17/17
  7992 | D:7      | Reached skill level 12 in Dodging
  8589 | D:7      | Noticed Crazy Yiuf
  8600 | D:7      | Killed Crazy Yiuf
  8676 | D:7      | Found an opulent altar of Gozag.
  8791 | D:7      | Reached skill level 10 in Stealth
  8795 | D:7      | Reached skill level 13 in Dodging
  9333 | D:8      | Reached skill level 14 in Dodging
  9472 | D:8      | Reached skill level 1 in Fighting
  9498 | D:8      | Found a staircase to the Lair.
  9919 | Lair:1   | Entered Level 1 of the Lair of Beasts
  9976 | Lair:1   | Reached skill level 15 in Dodging
  9980 | Lair:1   | Reached XP level 10. HP: 32/46 MP: 18/18
  9993 | Lair:1   | Acquired Dithmenos's first power
 10163 | Lair:1   | Noticed hornqvist's ghost (powerful FoFi)
 10189 | Lair:1   | HP: 3/69 [hornqvist's ghost (3)]
 10193 | Lair:1   | Slain by hornqvist's ghost

Action                   |  1- 3 |  4- 6 |  7- 9 | 10-12 || total
-------------------------+-------+-------+-------+-------++-------
Melee: Short sword       |    11 |   103 |   107 |       ||   221
       Flail             |       |       |   287 |    28 ||   315
       Dagger            |       |       |    51 |       ||    51
 Fire: Blowgun           |       |       |    59 |       ||    59
Throw: Tomahawk          |       |       |     2 |       ||     2
 Cast: Magic Dart        |   111 |    86 |    24 |       ||   221
       Repel Missiles    |     2 |       |     1 |       ||     3
       Call Imp          |     1 |       |       |       ||     1
       Conjure Flame     |       |     5 |     4 |       ||     9
       Slow              |       |     1 |       |       ||     1
       Mephitic Cloud    |       |     1 |     1 |       ||     2
Evoke: Wand              |       |       |    12 |       ||    12
  Use: Scroll            |     3 |    11 |    13 |       ||    27
       Potion            |       |       |     3 |     8 ||    11
 Stab: Sleeping          |       |     4 |    10 |       ||    14
       Confused          |       |       |     1 |       ||     1
       Distracted        |       |       |     2 |       ||     2
  Eat: Fruit             |     4 |     4 |       |       ||     8
